 Dungeon Crawl Stone Soup version 0.27.1-34-g3ba077fa99 (webtiles) character file.

Game seed: 12378518143761526027

3953 Arum the Thaumaturge (level 10, 0/87 (103) HPs)
             Began as a Red Draconian Conjurer on Jan 15, 2022.
             Was a Follower of Vehumet.
             Slain by Harold (7 damage)
             ... on level 7 of the Dungeon.
             The game lasted 00:16:00 (8638 turns).

Arum the Thaumaturge (Red Draconian Conjurer)       Turns: 8638, Time: 00:16:00

HP:   0/87 (103)    AC: 25    Str: 10    XL:     10   Next: 2%
MP:   11/23         EV:  2    Int: 21    God:    Vehumet [*.....]
Gold: 364           SH:  0    Dex: 10    Spells: 17/28 levels left

rFire    + + .     SeeInvis .   e - +1 hand axe "Ishrela" {holy, rF+}
rCold    . . .     Faith    .   (no shield)
rNeg     + + +     Spirit   .   (armour unavailable)
rPois    +         Reflect  .   (helmet currently unavailable)
rElec    .         Harm     .   (cloak currently unavailable)
rCorr    .         Rampage  .   (gloves currently unavailable)
Will     .....     NoTele   +   (boots currently unavailable)
Stlth    ++........             k - amulet of magic regeneration
HPRegen  0.24/turn              u - ring of protection from fire
MPRegen  0.43/turn              (no ring)

@: tree-form, studying 2 skills, heavily drained
A: stationary, stasis, torment immunity, boosted hp, (breathe fire), AC +7,
unfitting armour, (fire resistance 1), (cold-blooded)
a: Renounce Religion


You were on level 7 of the Dungeon.
You worshipped Vehumet.
Vehumet was aware of your devotion.
You were a tree.
You visited 2 branches of the dungeon, and saw 8 of its levels.

You collected 364 gold pieces.

Inventory:

Hand Weapons
 e - the +1 hand axe "Ishrela" (weapon) {holy, rF+}
   (You found it on level 6 of the Dungeon)

   It has been blessed by the Shining One to cause great damage to the undead
   and demons.
   rF:        It protects you from fire.
 n - a +0 quarterstaff of flaming
 p - the +1 flail of Valour {distort, rN+ Str+2}
   (You found it on level 6 of the Dungeon)

   It warps and distorts space around it, and may blink, banish, or inflict
   extra damage upon those it strikes.
   Unwielding it can cause banishment or high damage.
   Str:       It affects your strength (+2).
   rN:        It protects you from negative energy.
Missiles
 w - 52 stones
Armour
 c - a +0 pair of boots (melded)
 r - a +0 cloak (melded)
Jewellery
 i - a ring of ice
 k - an amulet of magic regeneration (around neck)
 u - a ring of protection from fire (left branch)
Wands
 h - a wand of mindburst (10)
 j - a wand of polymorph (16)
Scrolls
 b - a scroll of teleportation
 g - a scroll of fog
Potions
 a - a potion of haste
 d - a potion of brilliance {unknown}
 f - 6 potions of curing
 m - 2 potions of attraction
 o - a potion of ambrosia
 q - a potion of mutation {unknown}
 t - a potion of might {unknown}
 v - a potion of berserk rage {unknown}


   Skills:
 - Level 1.7 Dodging
 - Level 1.7 Stealth
 * Level 9.6 Spellcasting
 + Level 9.3 Conjurations
 + Level 7.5 Hexes


You had 17 spell levels left.
You knew the following spells:

 Your Spells              Type           Power      Damage    Failure   Level
a - Magic Dart            Conj           100%       1d8       1%          1
b - Searing Ray           Conj           98%        3d7       1%          2
c - Fulminant Prism       Conj/Hex       22%        3d13      1%          4
d - Dazzling Flash        Conj/Hex       90%        N/A       1%          3
e - Sandblast             Erth           20%        2d7       7%          1

Your spell library contained the following spells:

 Spells                   Type           Power      Damage    Failure   Level
 Iskenderun's Mystic Bla  Conj/Tloc      29%        2d7       10%         4
 Corpse Rot               Necr/Air       N/A        N/A       11%         2
 Dispel Undead            Necr           10%        3d9       56%         4
 Death Channel            Necr           5%         N/A       100%        6


Dungeon Overview and Level Annotations

Branches:
Dungeon (7/15)             Temple (1/1) D:6

Altars:
Ashenzari
Cheibriados
Dithmenos
Elyvilon
Fedhas
Gozag
Hepliaklqana
Kikubaaqudgha
Makhleb
Nemelex Xobeh
Okawaru
Qazlal
Ru
Sif Muna
Trog
Uskayaw
Vehumet
Wu Jian
Xom
Yredelemnul
Zin
The Shining One

Annotations:
D:3 3 runed translucent doors, groll's ghost, amateur MiBe
D:7 Harold


Innate Abilities, Weirdness & Mutations

You are a tree.
Your roots penetrate the ground, keeping you stationary.
You cannot be teleported.
You are immune to unholy pain and torment.
Your maximum health is greatly increased.
Your equipment is partially melded.
((You can breathe blasts of fire.))
((Your fiery red scales are hard. (AC +7)))
You cannot fit into any form of body armour.
((Your flesh is heat resistant. (rF+)))
((You are cold-blooded and may be slowed by cold attacks.))


Message History

Confirm with . or Enter, or press ? or * to list all spells.
You don't know that spell.
Casting: Searing Ray (safe; 1% risk of failure)
Confirm with . or Enter, or press ? or * to list all spells.
Something hits you!
* * * LOW HITPOINT WARNING * * *
You feel drained.
* * * LOW HITPOINT WARNING * * *
Unknown command.
You feel much better. Something hits you!
* * * LOW HITPOINT WARNING * * *
You feel drained.
* * * LOW HITPOINT WARNING * * *
You hear some strange, mumbled words.
A harpoon shot appears from out of thin air!
The harpoon shot hits you but does no damage.
You hear some strange, mumbled words.
A harpoon shot appears from out of thin air!
The harpoon shot hits you.
* * * LOW HITPOINT WARNING * * *
You are yanked forward by the harpoon shot.
A throwing net appears from out of thin air!
The throwing net hits you.
You become entangled in the net!
You see here a throwing net.
You tear a large gash into the net.
Okay, then.
It was a potion of lignification.
You turn into a tree.
Your +0 cloak melds into your body.
Your +0 pair of boots melds into your body.
Your roots penetrate the ground.
The net rips apart!
Something hits you.
* * * LOW HITPOINT WARNING * * *
Unknown command.
Casting: Dazzling Flash (safe; 1% risk of failure)
Confirm with . or Enter, or press ? or * to list all spells.
Aiming: Searing Ray (safe; 1% risk of failure)
Press: ? - help, Shift-Dir - straight line (Press . to maintain the ray.)
Something hits you but does no damage.
The searing ray hits something.
Something hits you!
You die...

#.# #......8.....
#.#
###<...........
.....
.....8888}888..
....#
#######.8888.888..
#.#.#
#................#
#.#.#
#.#####...####)###
#.#.# #.# ##.##
#.#.# #.# #{#
#.#.# #.# #♣#
##.#.# #.# #.#
.....####.######.#
.................#
...######.########
#### #.# #.# #.#
#.#


There were no monsters in sight!

Vanquished Creatures
  Prince Ribbit (D:7)
  A troll (D:5)
  Sigmund (D:4)
  A vampire (D:7)
  A wyvern (D:5)
  3 steam dragons
  Duvessa (D:7)
  A water moccasin (D:7)
  2 orc warriors
  A sky beast (D:3)
  An ice beast (D:6)
  4 ogres
  A necrophage (D:7)
  4 centaurs
  A phantom (D:6)
  A gnoll sergeant (D:7)
  2 scorpions
  Dowan (D:7)
  2 howler monkeys (D:5)
  2 jellies (D:5)
  A centaur skeleton (D:6)
  An orc priest (D:3)
  A bullfrog skeleton (D:4)
  2 hounds
  A scorpion zombie (D:5)
  6 iguanas
  Terence (D:2)
  Natasha (thrice) (D:2)
  9 orc wizards
  9 adders
  6 gnolls
  A shadow imp (D:7)
  2 adder skeletons (D:4)
  17 orcs
  3 endoplasms
  4 giant cockroaches
  4 goblins (D:1)
  10 hobgoblins
  7 jackals
  6 kobolds
  3 quokkas
  8 ball pythons
  5 bats
  3 frilled lizards (D:1)
  A rat (D:2)
146 creatures vanquished.

Vanquished Creatures (others)
  A bullfrog (D:6)
  An orc wizard (D:7)
  19 fulminant prisms
21 creatures vanquished.

Grand Total: 167 creatures vanquished

Notes
Turn   | Place    | Note
-------+----------+-------------------------------------------
     0 | D:1      | Arum the Draconian Conjurer began the quest for the Orb.
     0 | D:1      | Reached XP level 1. HP: 14/14 MP: 3/3
   311 | D:1      | Reached XP level 2. HP: 20/20 MP: 1/5
  1233 | D:1      | Reached XP level 3. HP: 26/26 MP: 2/7
  1499 | D:2      | Noticed Natasha
  1503 | D:2      | Killed Natasha
  1553 | D:2      | Learned a level 2 spell: Searing Ray
  1693 | D:2      | Noticed Terence
  1696 | D:2      | Killed Terence
  1697 | D:2      | Reached XP level 4. HP: 33/33 MP: 3/8
  1838 | D:2      | Reached skill level 5 in Conjurations
  1884 | D:2      | Noticed Natasha
  1890 | D:2      | Killed Natasha
  1951 | D:2      | Found a blossoming altar of Fedhas.
  2074 | D:2      | Noticed Natasha
  2079 | D:2      | Killed Natasha
  2080 | D:2      | Reached XP level 5. HP: 27/38 MP: 4/10
  2846 | D:3      | Found a runed translucent gate.
  2847 | D:3      | Found a runed translucent gate.
  2848 | D:3      | Found a runed translucent gate.
  2884 | D:3      | Noticed a sky beast
  2898 | D:3      | Killed a sky beast
  2899 | D:3      | Reached XP level 6. HP: 45/45 MP: 5/12
  3064 | D:3      | Found a faded altar of an unknown god.
  3137 | D:3      | Noticed groll's ghost (amateur MiBe)
  3682 | D:4      | Reached skill level 5 in Spellcasting
  3757 | D:4      | Noticed a steam dragon
  3765 | D:4      | Killed a steam dragon
  3766 | D:4      | Your scales start taking on a fiery red colour.
  3766 | D:4      | Reached XP level 7. HP: 41/50 MP: 6/15
  3766 | D:4      | Gained mutation: Your flesh is heat resistant. (rF+) [Red
                  | Draconian growth]
  3944 | D:4      | Noticed Sigmund
  3954 | D:4      | Killed Sigmund
  4128 | D:4      | Learned a level 4 spell: Fulminant Prism
  4170 | D:4      | Reached skill level 1 in Hexes
  4951 | D:4      | Reached XP level 8. HP: 57/57 MP: 10/17
  5255 | D:5      | Entered Level 5 of the Dungeon
  5300 | D:5      | Learned a level 3 spell: Dazzling Flash
  5380 | D:5      | Noticed a troll
  5386 | D:5      | Killed a troll
  5460 | D:5      | Reached skill level 5 in Hexes
  5853 | D:5      | Reached XP level 9. HP: 58/62 MP: 15/20
  6819 | D:6      | Found a staircase to the Ecumenical Temple.
  6828 | Temple   | Entered the Ecumenical Temple
  6871 | Temple   | Became a worshipper of Vehumet
  6896 | D:6      | Identified the +1 hand axe "Ishrela" {holy, rF+}
  6960 | D:5      | Noticed a rust devil
  6960 | D:5      | Noticed a rust devil
  7152 | D:6      | Identified the +1 flail of Valour {distort, rN+ Str+2}
  7655 | D:6      | Found a glowing silver altar of Zin.
  7981 | D:7      | Noticed Dowan
  8001 | D:7      | Reached * piety under Vehumet
  8001 | D:7      | Offered knowledge of Sandblast by Vehumet.
  8003 | D:7      | Killed Dowan
  8046 | D:7      | Noticed Duvessa
  8061 | D:7      | Killed Duvessa
  8460 | D:7      | Learned a level 1 spell: Sandblast
  8545 | D:7      | Noticed Prince Ribbit
  8555 | D:7      | Killed Prince Ribbit
  8556 | D:7      | Reached XP level 10. HP: 69/69 MP: 14/23
  8614 | D:7      | Noticed Harold
  8627 | D:7      | HP: 1/60 [something (4)]
  8638 | D:7      | Slain by Harold

Illustrated notes

Levels and vault maps discovered:
D:1:      dpeg_arrival_rooms_a, layout_basic, dk_noncrumbling_2
D:2:      layout_basic, basic_altar, cheibrodos_gnoll_hut, uniq_natasha,
          uniq_terence
D:3:      layout_rooms, basic_ecumenical_altar, gammafunk_ghost_icy,
          saegor_snake_ambush
D:4:      layout_cave_pods, grunt_decor_resistance, hangedman_decor_opposing,
          minmay_manual_mess, uniq_sigmund
D:5:      cheibrodos_iron_armory, layout_basic, grunt_ministairs_2,
          minmay_manual_mandibuliform
D:6:      layout_basic, mainiacjoe_overflow_tiny_flanked,
          minmay_temple_entry_sparse_star
D:7:      layout_loops_ring, hellmonk_bongcloud_opening, uniq_prince_ribbit1,
          uniq_harold, uniq_duvessa
Temple:   nicolae_temple_the_god_donut

Skill      XL: |  1  2  3  4  5  6  7  8  9 |
---------------+----------------------------+-----
Spellcasting   | 3 4 5 6 7 9 |  9.6
Conjurations   | 5 6 7 8 9 |  9.3
Hexes          | 2 5 7 |  7.5
Dodging        | |  1.7
Stealth        | |  1.7

Action                   |  1- 3 |  4- 6 |  7- 9 | 10-12 || total
-------------------------+-------+-------+-------+-------++-------
Melee: Unarmed           |    44 |    20 |       |       ||    64
       Tailslap          |     3 |     1 |     2 |       ||     6
       Quarterstaff      |       |       |    18 |       ||    18
       Hand axe          |       |       |     3 |       ||     3
 Cast: Magic Dart        |    57 |    75 |   121 |       ||   253
       Searing Ray       |     1 |    11 |    35 |     2 ||    49
       Fulminant Prism   |       |       |    16 |     3 ||    19
       Dazzling Flash    |       |       |     1 |     1 ||     2
 Abil: Breathe Fire      |       |       |     1 |       ||     1
  Use: Scroll            |       |       |    15 |       ||    15
       Potion            |       |       |       |     2 ||     2
Armor: Skin              |    35 |    15 |    40 |     2 ||    92
Dodge: Dodged            |    46 |    19 |    47 |     1 ||   113
